 Dungeon Crawl Stone Soup version 0.30-a0-696-g2367cd04db (webtiles) character file.

Game seed: 13353330582482375382

19 holysushi the Cutter (level 2, 16/16 HPs)
             Began as a Vine Stalker Monk on Jan 21, 2023.
             Was a Believer of Sif Muna.
             Quit the game on level 1 of the Dungeon.
             The game lasted 00:00:57 (821 turns).

holysushi the Cutter (Vine Stalker Monk)             Turns: 821, Time: 00:00:58

Health: 16/16      AC:  4    Str: 13    XL:     2   Next: 75%
Magic:  3/3        EV: 12    Int: 10    God:    Sif Muna [**....]
Gold:   68         SH:  0    Dex: 16    Spells: 1/1 levels left

rFire   . . .      SeeInvis .    a - +0 short sword
rCold   . . .      Faith    .    (no shield)
rNeg    . . .      Spirit   +    b - +0 robe
rPois   .          Reflect  .    (no helmet)
rElec   .          Harm     .    j - +0 cloak
rCorr   .          Rampage  .    (no gloves)
Will    .....                    e - +0 pair of boots
Stlth   ++                       (no amulet)
HPRegen 0.22/turn                (no ring)
MPRegen 0.08/turn                (no ring)

@: no status effects
A: fangs 2, magic shield, antimagic bite, no potion heal 2
a: Renounce Religion, Channel Magic


You were on level 1 of the Dungeon.
You worshipped Sif Muna.
Sif Muna was pleased with you.
You visited 1 branch of the dungeon, and saw 1 of its levels.

You collected 68 gold pieces.

Inventory:

Hand Weapons
 a - a +0 short sword (weapon)
Armour
 b - a +0 robe (worn)
 e - a +0 pair of boots (worn)
 j - a +0 cloak (worn)
Scrolls
 f - a scroll of poison {unknown}
 g - a scroll of teleportation {unknown}
 i - 2 scrolls of amnesia {unknown}
 k - a scroll of identify {unknown}
 l - a scroll of noise {unknown}
 n - a scroll of fear {unknown}
Potions
 c - a potion of ambrosia
 d - a potion of resistance {unknown}
 h - a potion of lignification {unknown}
 m - a potion of heal wounds {unknown}


   Skills:
 - Level 2.6 Fighting
 + Level 3.6 Short Blades
 - Level 2.4 Dodging
 - Level 2.4 Stealth


You had one spell level left.
You didn't know any spells.
Your spell library contained the following spells:

 Spells                   Type           Power      Damage    Failure   Level
 Foxfire                  Conj/Fire      0%         2x1d4     36%         1
 Fireball                 Conj/Fire      0%         3d3       100%        5
 Starburst                Conj/Fire      0%         6d3       100%        6


Dungeon Overview and Level Annotations

Branches:
Dungeon (1/15) Zot: 5184

Altars:
Sif Muna


Innate Abilities, Weirdness & Mutations

You have extremely sharp teeth.
When hurt, damage is shared between your health and your magic reserves.
Your bite disrupts and absorbs the magic of your enemies.
Potions cannot restore your health.


Message History

You hit the goblin.
You kill the goblin!
The bat hits you but does no damage. The rat barely misses you.
The bat hits you but does no damage. The rat bites you but does no damage.
You closely miss the bat. The bat hits you but does no damage. x2
The rat bites you but does no damage. The bat hits you but does no damage.
You hit the rat but do no damage. The bat barely misses you.
The rat barely misses you.
You hit the bat but do no damage. You bite the bat, but do no damage.
The bat hits you.
You barely miss the rat. You bite the rat. You drain its power.
The rat is moderately wounded.
The bat barely misses you. The rat barely misses you.
You hit the rat but do no damage. You bite the rat. You drain its power.
The rat is severely wounded.
The bat hits you. The rat barely misses you.
You hit the rat.
You kill the rat!
The bat hits you. The bat barely misses you. The bat closely misses you.
The bat closely misses you.
You hit the bat.
You kill the bat!
No target in view!
No target in view!
No target in view!
Done exploring.
Done exploring.
Done exploring.
Done exploring.
Done exploring.
Search for what [? for help]? @ You see here a +0 dagger.
There is a faded altar of an unknown god here.
This altar belongs to (a) Okawaru, (b) Sif Muna or (c) Kikubaaqudgha, but you can't tell which.
Press the corresponding letter to learn more about a god, or press enter to convert or escape to cancel.
Sif Muna accepts your prayer! Sif Muna welcomes you!
You can now call upon Sif Muna for magical energy.
Are you sure you want to abandon this character and quit the game? (Confirm with "yes".)

#.##......#.#.#......#.
#.##......#...########.
#.........#............
####......#.###########
#......#.# #......#.#
########.#
#####################.#
................@.....#
#######################


There were no monsters in sight!

Vanquished Creatures
  2 endoplasms (D:1)
  2 giant cockroaches (D:1)
  3 goblins (D:1)
  A hobgoblin (D:1)
  3 kobolds (D:1)
  A quokka (D:1)
  A ball python (D:1)
  2 bats (D:1)
  2 rats (D:1)
17 creatures vanquished.

Notes
Turn   | Place    | Note
-------+----------+-------------------------------------------
     0 | D:1      | holysushi the Vine Stalker Monk began the quest for the
                  | Orb.
     0 | D:1      | Reached XP level 1. HP: 11/11 MP: 2/2
   164 | D:1      | Reached skill level 3 in Short Blades
   171 | D:1      | Reached XP level 2. HP: 16/16 MP: 3/3
   405 | D:1      | Found a faded altar of an unknown god.
   820 | D:1      | Prayed at the altar of an unknown god.
   820 | D:1      | Became a worshipper of Sif Muna the Loreminder
   820 | D:1      | Reached * piety under Sif Muna
   820 | D:1      | Reached ** piety under Sif Muna
   821 | D:1      | Quit the game

Illustrated notes

Levels and vault maps discovered:
D:1:      dpeg_arrival_pits, layout_basic, basic_ecumenical_altar

Skill      XL: |  1 |
---------------+----+-----
Short Blades   | 3 |  3.6
Fighting       | |  2.6
Dodging        | |  2.4
Stealth        | |  2.4

Action                   || total
-------------------------++-------
Melee: Short sword       ||    37
       Bite              ||    12
 Stab: Sleeping          ||     4
Armor: Robe              ||     8
Dodge: Dodged            ||    24

Table legend: (Time is in decaauts)
 A = Elapsed time spent in this place.
 B = Non-inter-level travel time spent in this place.
 C = Inter-level travel time spent in this place.
 D = Time resting spent in this place.
 E = Time spent auto-exploring this place.
 F = Levels seen in this place.
 G = Mean time per level.
                   A        B        C        D        E       F      G
               +--------+--------+--------+--------+--------+-----+--------+
         Total |    815 |    743 |     72 |      0 |    595 |   1 |  815.0 |
       Dungeon |    815 |    743 |     72 |      0 |    595 |   1 |  815.0 |
               +--------+--------+--------+--------+--------+-----+--------+

Top non-repeatable levels by time:
     D:1: 815 daAuts
